 Dungeon Crawl Stone Soup version 0.23-a0-33-g1e3a2e4e2f (webtiles) character file.

17 RedPan the Skirmisher (level 2, -2/32 HPs)
             Began as an Ogre Monk on Aug 5, 2018.
             Slain by Sigmund
             ... wielding a +0 scythe
              (13 damage)
             ... on level 2 of the Dungeon.
             The game lasted 00:01:01 (787 turns).

RedPan the Skirmisher (Ogre Monk)                    Turns: 787, Time: 00:01:01

Health: -2/32      AC:  3    Str: 14    XL:     2   Next: 62%
Magic:  2/2        EV: 10    Int: 11    God:
Gold:   46         SH:  0    Dex: 11    Spells: 1/1 levels left

rFire    . . .     SeeInvis .   a - +0 mace
rCold    . . .     Gourm    .   (no shield)
rNeg     . . .     Faith    .   b - +0 robe
rPois    .         Spirit   .   (helmet restricted)
rElec    .         Reflect  .   (no cloak)
rCorr    .         Harm     .   (gloves unavailable)
MR       .....                  (boots unavailable)
Stlth    +.........             (no amulet)
HPRegen  0.10/turn              (no ring)
MPRegen  0.08/turn              (no ring)

@: confused, very slightly contaminated, invisible
A: large, unfitting armour, tough skin 1
a: no special abilities


You were on level 2 of the Dungeon.
You were not hungry.

You visited 1 branch of the dungeon, and saw 2 of its levels.

You collected 46 gold pieces.

Inventory:

Hand Weapons
 a - a +0 mace (weapon)
Armour
 b - a +0 robe (worn)
Scrolls
 d - a scroll of magic mapping
 e - 2 scrolls of teleportation
Potions
 g - a potion of resistance {unknown}
 h - a potion of heal wounds {unknown}
 i - 2 potions of curing {unknown}
Comestibles
 c - 2 rations


   Skills:
 + Level 4.3 Fighting
 * Level 3.1 Maces & Flails
 + Level 2.9 Dodging
 - Level 1.4 Stealth


You had one spell level left.
You didn't know any spells.
Your spell library was empty.

Dungeon Overview and Level Annotations

Branches:
Dungeon (2/15)

Altars:

Annotations:
D:2 Sigmund


Innate Abilities, Weirdness & Mutations

You are too large for most types of armour.
You have tough skin. (AC +1)


Message History

You are too injured to fight recklessly!
There are monsters nearby!
You are too injured to fight recklessly!
You are too injured to fight recklessly!
It was a potion of invisibility.
You fade into invisibility!
Sigmund gestures at you while chanting.
The magic dart hits the quokka.
The quokka bites you.
You are very lightly contaminated with residual magic.
You hit the quokka.
You kill the quokka!
Sigmund gestures at you while chanting.
You are confused.
Sigmund gestures at something while chanting.
The magic dart hits you!
You bump into the rock wall.
You bump into the rock wall.
You're too confused to move!
Sigmund hits you from afar with a scythe!
You die...

########.#...#
#.# #.#...#
#.## #.#<..#
#..# #.#...#
#..# #.#...#
#..#####.#...#
#......#.#...#
##.###.#.#####
#@#.......#
#.#.#.#.###
#@#...#.#
#)##....#
#..+....#
...#....#
(..#....#
....#....#
....#


You could see Sigmund.

Vanquished Creatures
  A dart slug (D:1)
  A ball python (D:1)
  2 bats (D:1)
  2 giant cockroaches (D:1)
  3 goblins (D:1)
  A hobgoblin (D:2)
  A kobold (D:1)
  A quokka (D:2)
  A rat (D:1)
13 creatures vanquished.

Notes
Turn   | Place    | Note
-------+----------+-------------------------------------------
     0 | D:1      | RedPan the Ogre Monk began the quest for the Orb.
     0 | D:1      | Reached XP level 1. HP: 24/24 MP: 1/1
   295 | D:1      | Reached XP level 2. HP: 29/32 MP: 2/2
   774 | D:2      | Noticed Sigmund
   787 | D:2      | Slain by Sigmund

Vault maps used:
D:1:      lightli_arrival_maybe_door_vault, grunt_decor_cap, hex_medium,
          minmay_misc_feat_chi, minmay_misc_feat_tower
D:2:      kiku_gazebo_pond_becter, hangedman_decor_clover_reticule, uniq_sigmund

Skill      XL: |  1  2 |
---------------+-------+-----
Maces & Flails | 3 |  3.1
Fighting       | |  4.3
Dodging        | |  2.9
Stealth        | |  1.4

Action                   || total
-------------------------++-------
Melee: Mace              ||    56
  Use: Scroll            ||     2
       Potion            ||     1
 Stab: Sleeping          ||     1
Armor: Robe              ||    28
Dodge: Dodged            ||    50

Table legend:
 A = Spawn XP
 B = Non-spawn XP
 C = Spawn XP percentage of total XP
 D = Spawn monster count
 E = Non-spawn monster count
 F = Spawn count percentage of total count
 G = Total turns spent on level
                    A         B        C        D         E        F      G
               +---------+---------+-------+---------+---------+-------+---------
         Total |       0 |      25 |   0.0 |       0 |      13 |   0.0 |   787
               +---------+---------+-------+---------+---------+-------+---------
           D:1 |       0 |      22 |   0.0 |       0 |      11 |   0.0 |   739
           D:2 |       0 |       3 |   0.0 |       0 |       2 |   0.0 |    48
               +---------+---------+-------+---------+---------+-------+---------
